 Dungeon Crawl Stone Soup version 0.28-a0-1429-gf3d713df7a (webtiles) character file.

Game seed: 9512320011607752906

117 karrick the Covered (level 5, -11/33 HPs)
             Began as a Gargoyle Fighter on Jan 9, 2022.
             Killed by divine providence
             ... invoked by an orc priest
              (14 damage)
             ... on level 3 of the Dungeon.
             The game lasted 00:02:46 (2121 turns).

karrick the Covered (Gargoyle Fighter)              Turns: 2121, Time: 00:02:47

Health: -11/33     AC: 12    Str: 19    XL:     5   Next: 1%
Magic:  5/5        EV:  9    Int:  9    God:
Gold:   85         SH:  4    Dex: 11    Spells: 4/4 levels left

rFire   . . .      SeeInvis .   a - +0 flail
rCold   . . .      Faith    .   c - +0 buckler
rNeg    + . .      Spirit   .   b - +0 scale mail
rPois   ∞          Reflect  .   (no helmet)
rElec   +          Harm     .   (no cloak)
rCorr   .          Rampage  .   (no gloves)
Will    .....                   m - +0 pair of boots
Stlth   ..........              (no amulet)
HPRegen 0.11/turn               (no ring)
MPRegen 0.09/turn               (no ring)

@: mighty
A: sickness immunity, AC +4, negative energy resistance 1, electricity
resistance, torment resistance 1, petrification resistance
a: no special abilities


You were on level 3 of the Dungeon.
You visited 1 branch of the dungeon, and saw 3 of its levels.

You collected 85 gold pieces.

Inventory:

Hand Weapons
 a - a +0 flail (weapon)
Armour
 b - a +0 scale mail (worn)
 c - a +0 buckler (worn)
 l - the +1 ring mail of Seaserphe {rF+}
   (You found it on level 2 of the Dungeon)

   rF:        It protects you from fire.
 m - a +0 pair of boots (worn)
Scrolls
 e - a scroll of noise {unknown}
 f - a scroll of teleportation {unknown}
 h - 2 scrolls of identify {unknown}
 n - a scroll of brand weapon {unknown}
Potions
 d - a potion of might
 i - a potion of flight {unknown}
 j - a potion of attraction {unknown}
 k - a potion of brilliance {unknown}
 o - a potion of degeneration {unknown}
 p - a potion of magic {unknown}
 q - a potion of haste {unknown}
 r - a potion of heal wounds {unknown}


   Skills:
 + Level 4.0 Fighting
 + Level 3.2 Maces & Flails
 + Level 4.2 Armour
 + Level 0.2 Dodging
 + Level 0.3 Stealth
 + Level 3.8 Shields


You had 4 spell levels left.
You didn't know any spells.
Your spell library contained the following spells:

 Spells                   Type           Power      Damage    Failure   Level
 Ensorcelled Hibernation  Hex/Ice        0%         N/A       93%         2
 Spider Form              Tmut/Pois      0%         N/A       99%         3
 Petrify                  Tmut/Erth      0%         N/A       100%        4
 Metabolic Englaciation   Hex/Ice        0%         N/A       100%        5
 Statue Form              Tmut/Erth      Unusable   N/A       N/A         6

Dungeon Overview and Level Annotations

Branches:
Dungeon (3/15)

Altars:

Shops:
D:2 *(


Innate Abilities, Weirdness & Mutations

You are immune to sickness and miasma.
Your stone body is resilient. (AC +4)
You are immune to poison.
You resist negative energy. (rN+)
You are resistant to electric shocks. (rElec)
You are resistant to unholy torment.
You are immune to petrification.


Message History

You are too injured to fight recklessly!
You are too injured to fight recklessly!
You are too injured to fight recklessly!
You are too injured to fight recklessly!
You are too injured to fight recklessly!
You hit the orc.
The orc is heavily wounded.
You block the orc's attack.
You hit the orc.
You kill the orc!
You have reached level 5!
Unknown command.
It was a potion of curing.
You feel better. The orc hits you but does no damage.
You hit the orc but do no damage.
The orc is moderately wounded.
The orc hits you with a +0 mace.
You feel very mighty all of a sudden. You block the orc's attack.
You barely miss the orc.
The orc is moderately wounded.
The orc priest calls upon Beogh to heal the orc.
The orc's wounds heal themselves!
The orc hits you with a +0 mace.
An orc priest comes into view. It is wielding a +0 club.
The orc hits you but does no damage.
You sock the orc!
You kill the orc!
The orc priest barely misses you.
You barely miss the orc priest. The orc priest hits you with a +0 club.
You barely miss the orc priest.
The orc priest looks encouraged for a moment.
You sock the orc priest!
The orc priest is heavily wounded.
The orc priest begins to cast a cantrip, but forgets the words!
The orc priest mumbles some strange prayers to Beogh against you.
Beogh smites you!
* * * LOW HITPOINT WARNING * * *
The orc priest mumbles some strange prayers to Beogh against you.
Beogh smites you!
You die...

#.# #.# #.# #.#
#.# #.# #.# ###.#
###.#######?....#
#.......?@oo....#
#.#.#######.#...#
#.#.. # # # ####


You could see 2 orc priests.

Vanquished Creatures
  A bullfrog (D:3)
  An adder (D:2)
  2 dart slugs (D:1)
  3 orcs (D:3)
  7 endoplasms
  A giant cockroach (D:3)
  5 goblins
  3 hobgoblins (D:2)
  3 jackals (D:1)
  A ball python (D:1)
  5 bats
  A frilled lizard (D:2)
  2 kobolds
  3 rats (D:1)
38 creatures vanquished.

Notes
Turn   | Place    | Note
-------+----------+-------------------------------------------
     0 | D:1      | karrick the Gargoyle Fighter began the quest for the Orb.
     0 | D:1      | Reached XP level 1. HP: 14/14 MP: 1/1
    82 | D:1      | Reached XP level 2. HP: 19/19 MP: 2/2
   480 | D:1      | Reached XP level 3. HP: 19/24 MP: 3/3
   784 | D:2      | Found Yrump's Weapon Shoppe.
   869 | D:2      | Found Josmiub's General Store.
  1030 | D:2      | Found Vaicyt's Antique Armour Shoppe.
  1141 | D:2      | Identified the +1 ring mail of Seaserphe {rF+}
  1353 | D:2      | Found a faded altar of an unknown god.
  1535 | D:3      | Noticed a bullfrog
  1544 | D:3      | Killed a bullfrog
  1545 | D:3      | Reached XP level 4. HP: 22/29 MP: 4/4
  2114 | D:3      | Reached XP level 5. HP: 5/33 MP: 5/5
  2121 | D:3      | Killed from afar by an orc priest

Illustrated notes

Levels and vault maps discovered:
D:1:      dpeg_arrival_central, layout_basic
D:2:      layout_basic, hellmonk_ecumenical_altar_leap_of_faith, serial_shops,
          shop, shop, shop, minmay_goblin_outpost
D:3:      layout_basic, minmay_lizard_king

Skill      XL: |  1  2  3  4 |
---------------+-------------+-----
Maces & Flails | 3 |  3.2
Armour         | 4 |  4.2
Fighting       | 4 |  4.0
Dodging        | |  0.2
Stealth        | |  0.3
Shields        | |  3.8

Action                   |  1- 3 |  4- 6 || total
-------------------------+-------+-------++-------
Melee: Flail             |    72 |    24 ||    96
  Use: Potion            |       |     2 ||     2
Armor: Scale mail        |    55 |     7 ||    62
Dodge: Dodged            |    38 |     6 ||    44
Block: Buckler           |    22 |     4 ||    26

Table legend: (Time is in decaauts)
 A = Elapsed time spent in this place.
 B = Non-inter-level travel time spent in this place.
 C = Inter-level travel time spent in this place.
 D = Time resting spent in this place.
 E = Time spent auto-exploring this place.
 F = Levels seen in this place.
 G = Mean time per level.
                   A        B        C        D        E       F      G
               +--------+--------+--------+--------+--------+-----+--------+
         Total |   2149 |   2080 |     69 |      0 |   1764 |   3 |  716.3 |
       Dungeon |   2149 |   2080 |     69 |      0 |   1764 |   3 |  716.3 |
               +--------+--------+--------+--------+--------+-----+--------+

Top non-repeatable levels by time:
     D:1: 790 daAuts
     D:2: 689 daAuts
     D:3: 669 daAuts
